 Dungeon Crawl Stone Soup version 0.23-a0-456-gc514d67198 (webtiles) character file.

80206 Niere the Severer (level 16, -7/135 HPs)
             Began as a Formicid Fighter on Nov 25, 2018.
             Was the Champion of Okawaru.
             Killed from afar by an ice dragon (26 damage)
             ... with a blast of cold
             ... on level 12 of the Dungeon.
             The game lasted 01:10:01 (25763 turns).

Niere the Severer (Formicid Fighter)               Turns: 25763, Time: 01:10:02

Health: -7/135     AC: 25    Str: 23    XL:     16   Next: 14%
Magic:  16/22      EV: 14    Int: 15    God:    Okawaru [******]
Gold:   2329       SH: 23    Dex: 15    Spells: 12/15 levels left

rFire    + . .     SeeInvis +   a - +2 battleaxe (freeze)
rCold    . . .     Gourm    .   K - +0 large shield
rNeg     . . .     Faith    .   I - +0 plate armour {rF+}
rPois    +         Spirit   .   (helmet unavailable)
rElec    .         Reflect  .   O - +0 cloak "Olydoug" {rCorr}
rCorr    +         Harm     .   T - +2 pair of gloves {archery}
MR       +....                  j - +1 pair of boots
Stlth    ..........             (no amulet)
HPRegen  0.32/turn              y - ring of poison resistance
MPRegen  0.18/turn              v - +4 ring of protection

@: agile, heroism, finesse
A: permanent stasis, dig shafts and tunnels, four strong arms, antennae 3,
hooves 1, rugged brown scales 1, blurry vision 1, strong 1, wild magic 1
a: Dig, Shaft Self, Heroism, Finesse, Renounce Religion


You were on level 12 of the Dungeon.
You worshipped Okawaru.
Okawaru was exalted by your worship.
You were not hungry.

You visited 4 branches of the dungeon, and saw 21 of its levels.
You also visited: Ice Cave.

You collected 2329 gold pieces.

Inventory:

Hand Weapons
 a - a +2 battleaxe of freezing (weapon)
 b - the +9 fustibalus "Bienip" {flame, Str+2}
   (Okawaru gifted it to you in an ice cave)

   It causes projectiles fired from it to burn those they strike, causing extra
   injury to most foes and up to half again as much damage against particularly
   susceptible opponents.
   It affects your strength (+2).
 W - the +3 morningstar "Ixulab" {drain, rN+ Int+2 Stlth+, unknown}
   (Okawaru gifted it to you on level 2 of the Orcish Mines)

   A truly terrible weapon, it drains the life of those it strikes.
   It affects your intelligence (+2).
   It protects you from negative energy.
   It makes you more stealthy.
Missiles
 m - 298 sling bullets
 D - a throwing net (quivered)
Armour
 j - a +1 pair of boots (worn)
 t - a +1 scale mail of cold resistance
 I - a +0 plate armour of fire resistance (worn)
 K - a +0 large shield (worn)
 O - the +0 cloak "Olydoug" (worn) {rCorr}
   (You acquired it on level 2 of the Orcish Mines)

   It provides partial protection from all sources of acid and corrosion.
 T - a +2 pair of gloves of archery (worn)
Magical Staves
 r - an uncursed staff of cold
Jewellery
 g - an uncursed ring of positive energy
 q - the ring of Orixulak {rF+ rC++}
   (You found it on level 4 of the Lair of Beasts)

   [ring of protection from fire]

   It protects you from fire.
   It greatly protects you from cold.
 v - a +4 ring of protection (right hand)
 y - a ring of poison resistance (left hand)
 z - an uncursed ring of protection from cold {unknown}
 N - an uncursed ring of flight
Wands
 n - a wand of digging (14)
 s - a wand of iceblast (36)
 w - a wand of enslavement (16)
 B - a wand of acid (37)
 E - a wand of polymorph (17)
 J - a wand of disintegration (17)
 V - a wand of random effects (46)
Scrolls
 k - 8 scrolls of identify
 l - 8 scrolls of remove curse
 p - 5 scrolls of fear
 A - 2 scrolls of enchant weapon
 F - a scroll of acquirement
 G - a scroll of vulnerability {unknown}
 Q - a scroll of magic mapping
 S - a scroll of holy word {unknown}
 U - 2 scrolls of immolation {unknown}
 Z - a scroll of summoning {unknown}
Potions
 c - 2 potions of invisibility {unknown}
 d - a potion of might
 e - a potion of curing
 h - 3 potions of heal wounds
 i - 7 potions of lignification
 o - 3 potions of degeneration
 u - 2 potions of haste
 x - 4 potions of agility
 C - 3 potions of ambrosia
 H - a potion of flight
 M - a potion of berserk rage
 P - a potion of cancellation {unknown}
 R - a potion of brilliance {unknown}
Miscellaneous
 L - a sack of spiders
Comestibles
 f - 55 rations


   Skills:
 + Level 13.7(18.7) Fighting
 * Level 17.0(22.0) Axes
 + Level 10.1(15.1) Slings
 - Level 3.2(8.2) Armour
 + Level 14.8(19.8) Shields
 - Level 8.0 Invocations


You had 12 spell levels left.
You knew the following spells:

 Your Spells              Type           Power        Failure   Level  Hunger
a - Portal Projectile     Hex/Tloc       #.....       100%        3    ####...

Your spell library contained the following spells:

 Spells                   Type           Power        Failure   Level  Hunger
 Animate Skeleton         Necr           N/A          99%         1    ##.....
 Apportation              Tloc           #.....       99%         1    ##.....
 Beastly Appendage        Tmut           #.....       99%         1    ##.....
 Confusing Touch          Hex            #.....       99%         1    ##.....
 Corona                   Hex            #......      99%         1    ##.....
 Freeze                   Ice            #...         99%         1    ##.....
 Magic Dart               Conj           #...         99%         1    ##.....
 Summon Small Mammal      Summ           #...         99%         1    ##.....
 Call Imp                 Summ           #.......     100%        2    ###....
 Slow                     Hex            #.......     100%        2    ###....
 Sticks to Snakes         Tmut           #.......     100%        2    ###....
 Throw Frost              Conj/Ice       #.....       100%        2    ###....
 Conjure Flame            Conj/Fire      #.......     100%        3    ####...
 Inner Flame              Hex/Fire       #.......     100%        3    ####...
 Mephitic Cloud           Conj/Pois/Air  #.......     100%        3    ####...
 Ozocubu's Armour         Chrm/Ice       #.......     100%        3    ####...
 Spider Form              Tmut/Pois      #.........   100%        3    ####...
 Cause Fear               Hex            #.........   100%        4    #####..
 Ice Form                 Ice/Tmut       #.......     100%        4    #####..
 Leda's Liquefaction      Hex/Erth       #.........   100%        4    #####..
 Summon Ice Beast         Ice/Summ       #.......     100%        4    #####..
 Throw Icicle             Conj/Ice       #.......     100%        4    #####..
 Blade Hands              Tmut           #.........   100%        5    ######.
 Bolt of Magma            Conj/Fire/Erth #.........   100%        5    ######.
 Iskenderun's Battlesphe  Conj/Chrm      #.......     100%        5    ######.
 Venom Bolt               Conj/Pois      #.........   100%        5    ######.
 Iron Shot                Conj/Erth      #.........   100%        6    #######
 Orb of Destruction       Conj           #.........   100%        7    #######
 Spellforged Servitor     Conj/Summ      #.........   100%        7    #######
 Blink                    Tloc           Unusable     N/A         2    N/A

Dungeon Overview and Level Annotations

Branches:
Dungeon (12/15)            Temple (1/1) D:7            Lair (6/6) D:10
 Shoals (0/4) Lair:4       Spider (0/4) Lair:2        Slime (0/5) Lair:6
    Orc (2/2) D:12            Elf (0/3) Orc:2

Altars:
Ashenzari
Cheibriados
Hepliaklqana
Kikubaaqudgha
Makhleb
Nemelex Xobeh
Okawaru
Ru
Sif Muna
Vehumet
Wu Jian
Xom
Yredelemnul
Zin
The Shining One
Beogh
Jiyva

Shops:
D:5 *   D:6 *   Orc:1 (   Orc:2 }!(?

Annotations:
D:2 1 runed door
D:4 2 transporters, yrara's ghost, novice DsFi
D:6 2 transporters, Abuh's ghost, novice MiBe
D:12 4 runed doors, Ladeesh's ghost, journeyman GrEE; Shaidar's ghost, journeyman MiBe; SpeedVeins's ghost, journeyman DDFi; endorz's ghost, journeyman HOBe; oberejnoburuli's ghost, journeyman OpMo
Lair:5 2 transporters


Innate Abilities, Weirdness & Mutations

You cannot be hasted, slowed, berserked, paralysed or teleported.
You can dig through walls and to a lower floor.
Your four strong arms can wield two-handed weapons with a shield.
You have a pair of large antennae on your head. (SInv)
You have large cloven feet.
You are partially covered in rugged brown scales. (AC +1, +3% HP)
Scrolls take you a little longer to read.
Your muscles are strong. (Str +2)
Your spells are a little harder to cast, but a little more powerful.


Message History

You slash the ice dragon! You freeze the ice dragon.
The ice dragon is severely wounded.
You hit the fire dragon but do no damage.
You block the ice dragon's attack. x3
You slash the fire dragon! You freeze the fire dragon!
The fire dragon is moderately wounded.
You slash the ice dragon! You slice the fire dragon!!
You freeze the fire dragon!!
The fire dragon is severely wounded.
You slash the ice dragon!
The fire dragon bites you but does no damage.
You block the fire dragon's attack. The fire dragon misses you.
You slice the fire dragon!! You freeze the fire dragon.
You kill the fire dragon!
Okawaru accepts your kill.
Your base Axes skill increases to level 17!
You barely miss the ice dragon. The ice dragon breathes frost at you.
The blast of cold hits you!
You die...

....####....#....#
..#.+...[...'....#
....#....####....#
....#.⌠..#≈≈#....#
....#....#≈≈#....#####
..).#########........#
.....................#
............######...#
............#...@#..##
.###........#...D'..#
##.'........#....#..#
...#....)...#..^.#..#
...####.>#..####+#..#
.......).#.......)..#
###......#..........#
..########..........#
.##{:8}$##.......####


You could see an ice dragon.

Vanquished Creatures
  A frost giant (IceCv)
  An ettin (Orc:1)
  Snorg (Lair:4)
  Josephine (D:12)
  2 fire dragons (D:12)
  A merfolk avatar (Lair:6)
  An ice dragon (D:12)
  6 hydras
  An ogre mage (D:10)
  4 two-headed ogres
  13 death yaks
  5 orc high priests (Orc:2)
  A tengu warrior (D:9)
  An unseen horror (D:12)
  A sea snake (Lair:6)
  2 harpies (Lair:6)
  2 orc knights
  3 ugly things (D:11)
  A deep elf mage (D:10)
  2 cyclopes
  2 manticores
  15 elephants
  3 black mambas
  Psyche (D:8)
  16 spiny frogs
  A gargoyle (D:12)
  13 komodo dragons
  4 rime drakes
  A queen bee (D:11)
  11 trolls
  26 polar bears
  2 hornets (Lair:6)
  5 slime creatures (D:12)
  4 dream sheep (Lair:4)
  7 blink frogs
  9 hippogriffs
  A redback (D:10)
  29 yaks
  3 basilisks (Lair:2)
  4 wyverns
  5 wraiths (D:12)
  A hungry ghost (D:12)
  Menkaure (D:5)
  9 wargs
  An acid dragon (D:11)
  8 water moccasins
  17 orc warriors
  2 black bears
  4 ice beasts
  9 porcupines
  5 sky beasts
  A necrophage (D:10)
  12 wolves (IceCv)
  2 phantoms
  11 ogres
  4 centaurs
  14 crocodiles
  3 big kobolds
  8 bullfrogs
  3 scorpions
  29 killer bees
  5 wights (D:12)
  An electric eel (Lair:5)
  11 howler monkeys
  2 centaur zombies
  A bullfrog zombie (D:6)
  6 crimson imps
  5 jellies
  34 orc priests
  5 hounds
  14 orc wizards
  2 centaur skeletons
  A bullfrog skeleton (D:8)
  Jessica (D:3)
  7 iguanas
  Terence (D:3)
  7 worker ants
  14 adders
  A shadow imp (D:9)
  2 oozes
  An adder zombie (D:6)
  2 adder skeletons
  A worm (D:4)
  A dart slug (D:4)
  4 leopard geckos
  70 orcs
  2 ball pythons (D:1)
  6 giant cockroaches
  8 goblins
  7 hobgoblins
  14 jackals
  8 quokkas
  3 bats
  6 frilled lizards
  A jackal skeleton (D:4)
  21 kobolds
  A leopard gecko skeleton (D:5)
  2 leopard gecko zombies (D:7)
  27 rats
  A plant (Lair:3)
662 creatures vanquished.

Vanquished Creatures (others)
  An orc (D:4)
  A bush (Lair:6)
  20 fungi (Lair:6)
  27 plants (Lair:6)
49 creatures vanquished.

Grand Total: 711 creatures vanquished

Notes
Turn   | Place    | Note
-------+----------+-------------------------------------------
     0 | D:1      | Niere the Formicid Fighter began the quest for the Orb.
     0 | D:1      | Reached XP level 1. HP: 18/18 MP: 1/1
   141 | D:1      | Reached XP level 2. HP: 21/24 MP: 2/2
   763 | D:1      | Reached XP level 3. HP: 29/29 MP: 3/3
  1158 | D:2      | Reached skill level 3 in Axes
  1400 | D:2      | Found a runed door.
  1538 | D:3      | Reached XP level 4. HP: 36/37 MP: 4/4
  1732 | D:3      | Found a shattered altar of Ashenzari.
  1757 | D:3      | Noticed Terence
  1769 | D:3      | Killed Terence
  1769 | D:3      | Reached XP level 5. HP: 42/42 MP: 5/5
  1853 | D:3      | Noticed Jessica
  1900 | D:3      | Killed Jessica
  1900 | D:3      | Reached skill level 4 in Axes
  2192 | D:3      | Reached XP level 6. HP: 29/49 MP: 6/6
  2504 | D:3      | Found a hazy altar of Hepliaklqana.
  2571 | D:3      | Found a deep blue altar of Sif Muna.
  2777 | D:3      | Reached skill level 5 in Shields
  2894 | D:4      | Found a transporter.
  2908 | D:4      | Noticed yrara's ghost (novice DsFi)
  3055 | D:4      | Noticed a phantom
  3127 | D:4      | Killed a phantom
  3127 | D:4      | Reached skill level 5 in Axes
  3127 | D:4      | Reached XP level 7. HP: 24/55 MP: 7/7
  3383 | D:4      | Found an ancient bone altar of Kikubaaqudgha.
  3483 | D:4      | Found a radiant altar of Vehumet.
  3632 | D:4      | Reached skill level 5 in Fighting
  4053 | D:4      | Found an iron altar of Okawaru.
  4061 | D:4      | Became a worshipper of Warmaster Okawaru
  4091 | D:4      | Found a basalt altar of Yredelemnul.
  4298 | D:4      | Found a transporter.
  4399 | D:4      | Reached skill level 6 in Axes
  4816 | D:5      | Entered Level 5 of the Dungeon
  4839 | D:5      | Reached XP level 8. HP: 63/63 MP: 8/8
  5045 | D:5      | Got a bloodstained leather armour
  5047 | D:5      | Identified the cursed +1 leather armour of the Planets
                  | {rElec MR- Regen+} (You found it on level 5 of the Dungeon)
  5149 | D:5      | Noticed Menkaure
  5156 | D:5      | Killed Menkaure
  5189 | D:5      | Reached skill level 7 in Axes
  5420 | D:5      | Got a pitted hunting sling
  5421 | D:5      | Identified the cursed +3 hunting sling of Kismet {venom,
                  | +Blink rC+ MR+} (You found it on level 5 of the Dungeon)
  5485 | D:5      | Found Fasust's General Store.
  5715 | D:5      | Found a burning altar of Makhleb.
  5717 | D:5      | Noticed a cacodemon
  6254 | D:5      | Reached * piety under Okawaru
  6254 | D:5      | Reached skill level 1 in Slings
  6536 | D:6      | Noticed Abuh's ghost (novice MiBe)
  6543 | D:6      | Reached XP level 9. HP: 71/71 MP: 9/9
  6610 | D:6      | Found a transporter.
  6648 | D:6      | Found a transporter.
  6696 | D:6      | Found Onocunuo's General Store.
  7085 | D:7      | Found a staircase to the Ecumenical Temple.
  7126 | Temple   | Entered the Ecumenical Temple
  7306 | D:7      | Reached ** piety under Okawaru
  7306 | D:7      | Reached skill level 8 in Axes
  7563 | D:7      | Found a sparkling altar of Nemelex Xobeh.
  7970 | D:8      | Reached skill level 1 in Invocations
  8233 | D:8      | Noticed an angel
  8234 | D:8      | Found a glowing silver altar of Zin.
  8234 | D:8      | Found a shimmering altar of Xom.
  8275 | D:8      | You fall through a shaft for 2 floors!
  8275 | D:10     | Entered Level 10 of the Dungeon
  8281 | D:10     | Noticed a death yak
  8282 | D:10     | Noticed a death yak
  8345 | D:10     | Killed a death yak
  8345 | D:10     | Reached *** piety under Okawaru
  8345 | D:10     | Reached skill level 9 in Axes
  8345 | D:10     | Reached XP level 10. HP: 76/79 MP: 9/12
  8358 | D:10     | Killed a death yak
  8358 | D:10     | Reached **** piety under Okawaru
  8721 | D:9      | Reached skill level 5 in Slings
  8905 | D:9      | Received a gift from Okawaru
  8972 | D:9      | Found a sacrificial altar of Ru.
  9248 | D:9      | Reached skill level 10 in Axes
  9394 | D:9      | Noticed a two-headed ogre
  9416 | D:9      | Killed a two-headed ogre
  9416 | D:9      | Reached XP level 11. HP: 87/87 MP: 11/14
  9460 | D:9      | Reached skill level 5 in Invocations
  9486 | D:9      | Received a gift from Okawaru
  9990 | D:8      | Found an ornate altar of the Wu Jian Council.
 10312 | D:8      | Noticed Psyche
 10324 | D:8      | Killed Psyche
 10589 | D:10     | Noticed a death yak
 10589 | D:10     | Noticed a death yak
 10630 | D:10     | Killed a death yak
 10636 | D:10     | Noticed a death yak
 10638 | D:10     | Noticed a death yak
 10666 | D:10     | Killed a death yak
 10666 | D:10     | Reached ***** piety under Okawaru
 10666 | D:10     | Reached skill level 11 in Axes
 10675 | D:10     | Killed a death yak
 10688 | D:10     | HP: 1/89 [death yak (18)]
 10690 | D:10     | Killed a death yak
 10690 | D:10     | Reached skill level 10 in Shields
 11019 | D:10     | Found a basalt altar of Yredelemnul.
 11145 | D:10     | Found a staircase to the Lair.
 11145 | D:10     | Noticed a tengu warrior
 11151 | D:10     | Noticed a seven-headed hydra
 11169 | D:9      | Killed a tengu warrior
 11169 | D:9      | Received a gift from Okawaru
 11172 | D:9      | Got an ancient great mace {god gift}
 11176 | D:9      | Identified the +2 great mace of War {crush, +Fly rElec rF+
                  | Str-5} (Okawaru gifted it to you on level 9 of the Dungeon)
 11258 | D:10     | Killed a seven-headed hydra
 11419 | D:10     | Noticed a deep elf mage
 11424 | D:10     | Killed a deep elf mage
 11424 | D:10     | Reached XP level 12. HP: 95/96 MP: 15/15
 11573 | D:10     | Noticed an ogre mage
 11630 | D:10     | Killed an ogre mage
 12132 | D:11     | Reached skill level 12 in Axes
 12394 | D:11     | Noticed a two-headed ogre
 12412 | D:11     | Killed a two-headed ogre
 12412 | D:11     | Received a gift from Okawaru
 12412 | D:11     | Reached skill level 10 in Fighting
 12479 | D:11     | Noticed a two-headed ogre
 12743 | D:11     | Received a gift from Okawaru
 12972 | D:11     | Killed a two-headed ogre
 13386 | D:12     | Found a runed door.
 13386 | D:12     | Found the +2 shield of Resistance {rF+ rC+ MR+}
 13386 | D:12     | Noticed a fire dragon
 13386 | D:12     | Noticed an ice dragon
 13387 | D:12     | Noticed an ice dragon
 13388 | D:12     | Noticed a fire dragon
 13407 | D:12     | Found a staircase to the Orcish Mines.
 13408 | D:12     | Found a runed door.
 13518 | D:12     | Received a gift from Okawaru
 13559 | D:12     | Noticed Josephine
 13570 | D:12     | Killed Josephine
 13570 | D:12     | Reached ****** piety under Okawaru
 13570 | D:12     | Received a gift from Okawaru
 13570 | D:12     | Reached XP level 13. HP: 88/104 MP: 18/18
 13866 | D:12     | Reached skill level 13 in Axes
 14222 | D:12     | Found a runed gate.
 14222 | D:12     | Found a runed gate.
 14222 | D:12     | Found a runed gate.
 14223 | D:12     | Noticed oberejnoburuli's ghost (journeyman OpMo)
 14223 | D:12     | Noticed SpeedVeins's ghost (journeyman DDFi)
 14224 | D:12     | Noticed Shaidar's ghost (journeyman MiBe)
 14224 | D:12     | Noticed endorz's ghost (journeyman HOBe)
 14279 | D:12     | Received a gift from Okawaru
 14364 | D:12     | Noticed a five-headed hydra
 14386 | D:12     | Killed a five-headed hydra
 14703 | D:12     | Noticed Ladeesh's ghost (journeyman GrEE)
 14749 | Orc:1    | Entered Level 1 of the Orcish Mines
 15082 | Orc:1    | Found a shimmering altar of Xom.
 15594 | Orc:1    | Found Puxzeul's Antique Weapon Shoppe.
 15597 | Orc:1    | Noticed an ettin
 15611 | Orc:1    | Killed an ettin
 15611 | Orc:1    | Received a gift from Okawaru
 15890 | Orc:2    | Entered Level 2 of the Orcish Mines
 15937 | Orc:2    | Found a staircase to the Elven Halls.
 16049 | Orc:2    | Reached skill level 14 in Axes
 16325 | Lair:1   | Entered Level 1 of the Lair of Beasts
 16741 | Lair:1   | Gained mutation: Your muscles are strong. (Str +2) [potion
                  | of mutation]
 16741 | Lair:1   | Gained mutation: Scrolls take you a little longer to read.
                  | [potion of mutation]
 16741 | Lair:1   | Gained mutation: Your muscles are very strong. (Str +4)
                  | [potion of mutation]
 16741 | Lair:1   | Gained mutation: You have a somewhat thin skeletal
                  | structure. (Dex +2, Stealth) [potion of mutation]
 16742 | Lair:1   | Lost mutation: You have a somewhat thin skeletal structure.
                  | (Dex +2, Stealth) [potion of mutation]
 16742 | Lair:1   | Lost mutation: Your muscles are very strong. (Str +4)
                  | [potion of mutation]
 16742 | Lair:1   | Gained mutation: Your spells are a little harder to cast,
                  | but a little more powerful. [potion of mutation]
 16742 | Lair:1   | Gained mutation: You have large cloven feet. [potion of
                  | mutation]
 16742 | Lair:1   | Gained mutation: You are partially covered in rugged brown
                  | scales. (AC +1, +3% HP) [potion of mutation]
 17159 | Lair:2   | Noticed a five-headed hydra
 17159 | Lair:2   | Noticed an eight-headed hydra
 17173 | Lair:1   | Killed an eight-headed hydra
 17184 | Lair:2   | Killed a five-headed hydra
 17184 | Lair:2   | Reached XP level 14. HP: 84/117 MP: 13/20
 17513 | Lair:2   | Found a hole to the Spider Nest.
 18630 | Lair:3   | Received a gift from Okawaru
 18821 | Lair:3   | Reached skill level 15 in Axes
 18833 | Lair:3   | Found a frozen archway.
 18840 | Lair:3   | Received a gift from Okawaru
 18857 | IceCv    | Entered an ice cave
 19013 | IceCv    | Received a gift from Okawaru
 19300 | IceCv    | Received a gift from Okawaru
 19312 | IceCv    | Got a fine fustibalus {god gift}
 19319 | IceCv    | Identified the +9 fustibalus "Bienip" {flame, Str+2}
                  | (Okawaru gifted it to you in an ice cave)
 19552 | IceCv    | Noticed a frost giant
 19601 | IceCv    | Killed a frost giant
 20849 | Lair:4   | Got a glittering lead ring
 20852 | Lair:4   | Identified the ring of Orixulak {rF+ rC++} (You found it on
                  | level 4 of the Lair of Beasts)
 20947 | Lair:4   | Noticed Snorg
 20956 | Lair:4   | Reached XP level 15. HP: 125/125 MP: 13/21
 20961 | Lair:4   | Killed Snorg
 21021 | Lair:4   | Received a gift from Okawaru
 21093 | Lair:4   | Found a staircase to the Shoals.
 21700 | Lair:5   | Found a transporter.
 21727 | Lair:5   | Received a gift from Okawaru
 22064 | Lair:5   | Learned a level 3 spell: Portal Projectile
 22158 | Lair:5   | Reached skill level 16 in Axes
 22245 | Lair:5   | Found a transporter.
 22375 | Lair:6   | Entered Level 6 of the Lair of Beasts
 22477 | Lair:6   | Received a gift from Okawaru
 22966 | Lair:6   | Found a basalt altar of Yredelemnul.
 24176 | Lair:6   | Found a viscous altar of Jiyva.
 24177 | Lair:6   | Found a staircase to the Slime Pits.
 24433 | Orc:2    | Received a gift from Okawaru
 24457 | Orc:2    | Identified 2 scrolls of acquirement
 24459 | Orc:2    | Got a spiked cloak
 24465 | Orc:2    | Identified the +0 cloak "Olydoug" {rCorr} (You acquired it
                  | on level 2 of the Orcish Mines)
 24621 | Orc:2    | Received a gift from Okawaru
 24627 | Orc:2    | Reached XP level 16. HP: 134/134 MP: 22/22
 24630 | Orc:2    | Got an encrusted morningstar {god gift}
 24927 | Orc:2    | Reached skill level 10 in Slings
 25059 | Orc:2    | Found Hesit's Gadget Shoppe.
 25059 | Orc:2    | Found Inaholas's Distillery.
 25209 | Orc:2    | Found a roughly hewn altar of Beogh.
 25225 | Orc:2    | Found Atoteng's Weapon Shoppe.
 25225 | Orc:2    | Found Zykhlat's Magic Scroll Boutique.
 25763 | D:12     | Reached skill level 17 in Axes
 25763 | D:12     | Killed from afar by an ice dragon

Vault maps used:
D:1:      erik_arrival_triangle_medium
D:2:      minmay_misc_feat_more_columns, uniq_crazy_yiuf_cottage
D:3:      nicolae_overflow_crystal_walls, nicolae_ashenzari_panopticon,
          lemuel_doored_altar, minmay_rat_hole, uniq_jessica, uniq_terence
D:4:      lemuel_crystal_altar, lemuel_coloured_pillars_altar,
          fiery_altar_vehumet, marbit_many_paths, gammafunk_ghost_stat_death
D:5:      makhleb_altar_promises_db, serial_shops, shop, first_ration,
          uniq_menkaure
D:6:      gammafunk_ghost_stat_death, serial_shops, nicolae_shop_crystal
D:7:      lemuel_crystal_altar, minmay_temple_entry_mist, grunt_ogre_cave
D:8:      grunt_temple_overflow_order_and_chaos_1, kennysheep_mini_moat,
          uniq_psyche
D:9:      hangedman_ru_absence
D:10:     minmay_shrinking_squares, dpeg_lair_monsters, basic_altar,
          minmay_misc_feat_tiny
D:11:     special_room
D:12:     orc_0_dummy, gammafunk_ghost_cemetery,
          minmay_guarded_unrand_resistance, uniq_josephine
Temple:   compressed_dpeg_triangle_lava_temple
Lair:1:   grunt_megastairs_4
Lair:2:   spider_nest_entry_web_field, special_room, grunt_megastairs_3
Lair:3:   portal_ice_cave_rime, infiniplex_staircase_pool, grunt_megastairs_5,
          lemuel_fruit_tree
Lair:4:   minmay_shoals_entry_beasts, uniq_snorg
Lair:5:   gammafunk_cloud_chamber, serial_bayou_shore_b, grunt_megastairs_2
Lair:6:   gammafunk_lair_ancient_temple, dpeg_slime_entry_enclosed_altar,
          basic_altar
Orc:1:    basic_altar, serial_shops, nicolae_shop_statue_plus, nooodl_orcs_dogs
Orc:2:    st_orc_town, lab_entry_generic
IceCv:    ice_cave_caverns_03

Skill      XL: |  1  2  3  4  5  6  7  8  9 10 11 12 13 14 15 16 |
---------------+-------------------------------------------------+-----
Shields        | 4 5 6 7 8 9 10 11 12 13 14 | 14.8
Axes           | 3 4 5 6 7 9 10 11 12 14 15 16 17 | 17.0
Fighting       | 4 5 6 7 8 9 10 11 12 13 | 13.7
Slings         | 1 4 5 7 8 9 10 | 10.1
Invocations    | 3 4 5 7 8 |  8.0
Armour         | |  3.2

Action                   |  1- 3 |  4- 6 |  7- 9 | 10-12 | 13-15 | 16-18 || total
-------------------------+-------+-------+-------+-------+-------+-------++-------
Melee: War axe           |   131 |   182 |   223 |   416 |   698 |       ||  1650
       Great mace        |       |       |       |     4 |       |       ||     4
       Battleaxe         |       |       |       |       |    61 |    21 ||    82
 Fire: Blowgun           |       |       |    10 |       |       |       ||    10
       Hunting sling     |       |       |    89 |   248 |    99 |       ||   436
       Fustibalus        |       |       |       |       |   427 |    60 ||   487
Throw: Throwing net      |       |       |       |       |     2 |       ||     2
Invok: Heroism           |       |       |     1 |     8 |    15 |     1 ||    25
       Finesse           |       |       |       |     2 |     9 |     1 ||    12
 Abil: Dig               |       |     4 |       |    11 |     8 |       ||    23
Evoke: Wand              |       |       |     4 |       |       |       ||     4
  Use: Scroll            |     2 |     5 |     6 |    11 |     4 |       ||    28
       Potion            |     1 |       |     1 |     1 |     2 |     3 ||     8
 Stab: Held in net/web   |       |       |       |       |     1 |       ||     1
  Eat: Chunk             |     2 |     6 |    16 |    17 |    36 |     4 ||    81
Armor: Scale mail        |    56 |    34 |       |       |    51 |       ||   141
       Skin              |     5 |     7 |       |       |       |       ||    12
       Plate armour      |       |    42 |   145 |   138 |   141 |    14 ||   480
Dodge: Dodged            |    33 |    36 |    50 |    60 |   124 |     6 ||   309
Block: Shield            |    65 |    99 |   125 |       |       |       ||   289
       Large shield      |       |       |     6 |   327 |   604 |    28 ||   965

Table legend:
 A = Non-vault XP
 B = Vault XP
 C = Vault XP percentage of total XP
 D = Non-vault monster count
 E = Vault monster count
 F = Vault count percentage of total count
                 A         B        C        D         E       F
            +---------+---------+-------+---------+---------+-------
      Total |   63248 |   51333 |  44.8 |     442 |     219 |  33.1
            +---------+---------+-------+---------+---------+-------
        D:1 |      30 |       0 |   0.0 |      19 |       0 |   0.0
        D:2 |      23 |       0 |   0.0 |      13 |       0 |   0.0
        D:3 |     226 |      93 |  29.2 |      31 |      21 |  40.4
        D:4 |     575 |       0 |   0.0 |      16 |       0 |   0.0
        D:5 |     708 |     172 |  19.5 |      27 |       1 |   3.6
        D:6 |     260 |       0 |   0.0 |       7 |       0 |   0.0
        D:7 |     641 |     118 |  15.5 |      16 |       1 |   5.9
        D:8 |    1094 |     448 |  29.1 |      21 |       1 |   4.5
        D:9 |    3309 |     835 |  20.1 |      48 |       1 |   2.0
       D:10 |     754 |    8318 |  91.7 |      11 |      11 |  50.0
       D:11 |    5308 |    1774 |  25.0 |      32 |      25 |  43.9
       D:12 |    7270 |    5161 |  41.5 |      38 |       9 |  19.1
     Lair:1 |    3441 |     109 |   3.1 |       9 |       1 |  10.0
     Lair:2 |    6139 |    1180 |  16.1 |      22 |       2 |   8.3
     Lair:3 |    3175 |    1396 |  30.5 |      15 |       5 |  25.0
     Lair:4 |    5287 |    1899 |  26.4 |      19 |       3 |  13.6
     Lair:5 |    3821 |     247 |   6.1 |      14 |       1 |   6.7
     Lair:6 |   15050 |   10352 |  40.8 |      37 |      27 |  42.2
      Orc:1 |    3376 |    1040 |  23.6 |      21 |      12 |  36.4
      Orc:2 |    2761 |    5834 |  67.9 |      26 |      54 |  67.5
      IceCv |       0 |   12357 | 100.0 |       0 |      44 | 100.0
            +---------+---------+-------+---------+---------+-------
